Map: Odyssey LE

Players

NopeSpider

  • Race: Zerg Zerg
  • Spawn Location: 5:00

CptnMorgan - Winner!

  • Race: Zerg Zerg
  • League: Gold
  • Spawn Location: 11:00

VOD

Have the link to the VOD?

Description

Time

  • Played on: Dec. 2, 2017, 2:07 p.m.
  • Length: 9:06
Show
View Real Time Build Order
Export as new Build Order

NopeSpider Zerg 

Build Orders: Pool First 

Get SALT Encoding   

  12  0:01  Drone  
  13  0:10  Drone  
  14  0:26  Spawning Pool  
  13  0:39  Drone  
  13  0:42  Overlord  
  14  0:50  Extractor  
  13  1:03  Drone x3  
  16  1:07  Extractor  
  15  1:14  Queen  
  15  1:16  Drone  
  18  1:26  Zergling x2  
  19  1:38  Drone  
  20  1:51  Lair  
  20  1:53  Zergling x2  
  21  2:02  Drone  
  22  2:15  Overlord  
  22  2:24  Overlord  
  22  2:38  Drone x3  
  26  2:51  Drone  
  26  2:54  Overseer  
  26  3:11  Drone x3  
  29  3:19  Queen  
  31  3:30  Hatchery  
  31  3:33  Roach Warren  
  29  3:38  Hydralisk Den  
  28  3:51  Zergling x8  
  28  3:52  Zergling x4  
  34  3:57  Metabolic Boost  
  34  4:08  Hydralisk  
  36  4:16  Evolution Chamber  
  35  4:17  Hydralisk  
  37  4:47  Drone  
  38  4:57  Hatchery  
  39  5:00  Roach x3  
  39  5:06  Overlord  
  43  5:11  Overlord  
  43  5:21  Overlord  
  43  5:34  Drone  
  43  5:35  Drone x2  
  46  5:38  Drone x3  
  46  5:42  Drone  
  50  5:48  Roach  
  52  5:53  Roach  
  52  5:56  Drone  
  55  6:00  Drone  
  56  6:06  Extractor  
  56  6:09  Hydralisk x2  
  59  6:16  Drone  
  60  6:21  Drone x2  
  62  6:28  Burrow  
  62  6:29  Drone  
  63  6:33  Drone x3  
  63  6:38  Drone  
  67  6:42  Muscular Augments  
  67  6:44  Zerg Melee Weapons Level 1  
  67  6:48  Drone x2  
  67  6:51  Overlord  
  69  6:55  Drone  
  69  6:56  Drone  
  69  6:59  Drone  
  72  7:05  Roach  
  72  7:06  Overlord  
  74  7:13  Overlord  
  74  7:15  Overlord x2  
  74  7:19  Queen  
  74  7:36  Hydralisk x2  
  74  7:37  Hydralisk  
  76  7:38  Hydralisk  
  76  7:39  Hydralisk  
  76  7:42  Drone x3  
  87  7:46  Extractor  
  67  8:02  Roach x2  
  67  8:03  Roach  
Show
View Real Time Build Order
Export as new Build Order

CptnMorgan Zerg - Winner!

Build Orders: Hatch First 

Get SALT Encoding   

  12  0:01  Drone  
  13  0:12  Overlord  
  13  0:20  Drone  
  14  0:34  Drone x2  
  16  0:36  Drone  
  17  0:55  Hatchery  
  16  1:05  Drone x2  
  16  1:07  Extractor  
  17  1:11  Drone  
  18  1:22  Spawning Pool  
  18  1:24  Drone  
  18  1:33  Drone  
  19  2:09  Zergling x2  
  19  2:10  Zergling x2, Queen  
  19  2:11  Queen  
  19  2:15  Metabolic Boost  
  25  2:20  Drone  
  25  2:21  Drone x2  
  28  2:26  Overlord  
  28  3:04  Drone x3  
  28  3:05  Drone  
  32  3:06  Lair  
  32  3:07  Queen  
  34  3:18  Evolution Chamber  
  33  3:30  Drone  
  33  3:31  Drone x2  
  33  3:32  Overlord  
  36  3:41  Roach Warren  
  35  3:57  Zerg Missile Weapons Level 1  
  36  4:02  Drone  
  36  4:03  Drone x5  
  36  4:04  Drone  
  42  4:13  Evolution Chamber  
  41  4:17  Extractor  
  40  4:34  Drone x4  
  40  4:38  Overlord  
  44  4:42  Zerg Ground Armor Level 1  
  43  5:03  Drone x3  
  43  5:04  Drone  
  47  5:08  Extractor  
  47  5:11  Extractor  
  45  5:18  Drone  
  45  5:19  Drone x3, Overlord  
  49  5:24  Roach  
  51  5:34  Glial Reconstitution  
  51  5:40  Roach x3  
  57  5:51  Roach  
  57  5:54  Overlord x2  
  59  5:58  Pneumatized Carapace  
  59  6:01  Zerg Missile Weapons Level 2  
  59  6:12  Roach  
  59  6:13  Roach x6  
  73  6:28  Roach  
  73  6:32  Overlord x3  
  75  6:48  Overlord x2  
  75  6:49  Hatchery  
  75  6:52  Roach  
  75  6:53  Roach x2  
  80  6:58  Roach x6  
  92  7:09  Roach  
  94  7:30  Roach  
  94  7:31  Roach x8  
  109  7:55  Roach  
  109  7:56  Roach x6  
  115  7:59  Overlord x3  
  109  8:07  Roach  
  109  8:08  Roach  
  111  8:20  Roach  
  111  8:21  Roach x4  
Tags
 
League
Gold
Matchup
ZvZ
Race
Zerg
Spawn Locations
Cross Positions
Add a new tag
Caveats
  • Supply blocks, unpowered buildings, or Contaminate may cause inaccurate times.
  • Supply counts are checked every 10 seconds.